 Dungeon Crawl Stone Soup version 0.29-b1-12-g9e2288ab2a (webtiles) character file.

Game seed: 15982030457960225959

313 gelatine the Magician (level 6, 0/44 HPs)
             Began as a Gnoll Hedge Wizard on Aug 24, 2022.
             Slain by a killer bee (5 damage)
             ... on level 4 of the Dungeon.
             The game lasted 00:11:01 (4121 turns).

gelatine the Magician (Gnoll Hedge Wizard)          Turns: 4121, Time: 00:11:02

Health: 0/44       AC:  3    Str: 12      XL:     6   Next: 43%
Magic:  4/16       EV: 17    Int: 13      God:
Gold:   249        SH:  5    Dex:  9 (11) Spells: 14/19 levels left

rFire   . . .      SeeInvis .   l - +2 whip (freeze)
rCold   . . .      Faith    .   (no shield)
rNeg    . . .      Spirit   .   b - +1 robe
rPois   .          Reflect  +   c - +0 hat
rElec   .          Harm     .   (no cloak)
rCorr   .          Rampage  .   (no gloves)
Will    .....                   (no boots)
Stlth   ++........              h - amulet of reflection
HPRegen 0.14/turn               q - +4 ring of evasion
MPRegen 0.15/turn               (no ring)

@: no status effects
A: fangs 1, strong nose, distributed training
a: no special abilities


You were on level 4 of the Dungeon.
You visited 1 branch of the dungeon, and saw 4 of its levels.

You collected 249 gold pieces.

Inventory:

Hand Weapons
 a - a +0 dagger of freezing
 l - a +2 whip of freezing (weapon)
Armour
 b - a +1 robe (worn)
 c - a +0 hat (worn)
Jewellery
 h - an amulet of reflection (around neck)
 q - a +4 ring of evasion (left hand)
Wands
 m - a wand of iceblast (11)
Scrolls
 e - a scroll of blinking
 k - 2 scrolls of teleportation
 n - a scroll of magic mapping
 o - a scroll of amnesia {unknown}
Potions
 d - a potion of magic
 f - a potion of flight
 g - a potion of might
 i - 2 potions of haste
 j - 2 potions of curing
 r - a potion of mutation
 s - 3 potions of heal wounds {unknown}


   Skills:
 + Level 2.0 Fighting
 + Level 2.0 Short Blades
 + Level 2.0 Long Blades
 + Level 2.0 Axes
 + Level 2.0 Maces & Flails
 + Level 2.0 Polearms
 + Level 2.0 Staves
 + Level 2.0 Ranged Weapons
 + Level 2.0 Throwing
 + Level 2.0 Armour
 + Level 5.0 Dodging
 + Level 4.6 Stealth
 + Level 2.0 Shields
 + Level 2.0 Unarmed Combat
 + Level 7.4 Spellcasting
 + Level 2.7 Conjurations
 + Level 1.6 Hexes
 + Level 2.7 Summonings
 + Level 1.6 Necromancy
 + Level 2.7 Translocations
 + Level 1.6 Transmutations
 + Level 1.6 Fire Magic
 + Level 1.6 Ice Magic
 + Level 1.6 Air Magic
 + Level 1.6 Earth Magic
 + Level 1.6 Poison Magic
 + Level 2.2 Invocations
 + Level 2.0 Evocations


You had 14 spell levels left.
You knew the following spells:

 Your Spells              Type           Power      Damage    Failure   Level
a - Magic Dart            Conj           44%        1d5       4%          1
b - Blink                 Tloc           22%        N/A       8%          2
c - Call Imp              Summ           11%        N/A       8%          2

Your spell library contained the following spells:

 Spells                   Type           Power      Damage    Failure   Level
 Beastly Appendage        Tmut           18%        N/A       8%          1
 Slow                     Hex            36%        N/A       8%          1
 Ensorcelled Hibernation  Hex/Ice        18%        N/A       11%         2
 Poisonous Vapours        Pois/Air       18%        N/A       11%         2
 Wereblood                Tmut           9%         N/A       11%         2
 Lesser Beckoning         Tloc           11%        N/A       14%         3
 Conjure Flame            Conj/Fire      10%        6-21      19%         3
 Dazzling Flash           Conj/Hex       20%        N/A       19%         3
 Mephitic Cloud           Conj/Pois/Air  10%        N/A       19%         3
 Spider Form              Tmut/Pois      9%         N/A       22%         3
 Tukima's Dance           Hex            9%         N/A       22%         3
 Iskenderun's Mystic Bla  Conj/Tloc      11%        2d4       43%         4
 Passage of Golubria      Tloc           11%        N/A       43%         4
 Anguish                  Hex/Necr       4%         N/A       58%         4
 Corpse Rot               Necr/Pois/Air  9%         N/A       58%         4
 Manifold Assault         Tloc           11%        N/A       80%         5
 Yara's Violent Unravell  Hex/Tmut       4%         3d4       90%         5
 Starburst                Conj/Fire      5%         6d4       100%        6


Dungeon Overview and Level Annotations

Branches:
Dungeon (4/15)
 Temple: D:4-7

Altars:
Kikubaaqudgha
Zin
The Shining One

Annotations:
D:3 Zeldest's ghost, amateur GnWn


Innate Abilities, Weirdness & Mutations

You have very sharp teeth.
Your uncanny sense of smell can sniff out nearby items.
Your experience applies equally to all skills.


Message History

Aim: a killer bee (100% to hit)
The magic dart hits the killer bee but does no damage.
You feel stable enough to blink again. The killer bee closely misses you.
The killer bee barely misses your shadow imp.
The killer bee completely misses your shadow imp.
The killer bee misses you.
Your shadow imp misses the killer bee.
The killer bee barely misses your shadow imp.
The killer bee barely misses you.
The killer bee barely misses your shadow imp.
You block the killer bee's attack.
You miss the killer bee. The killer bee closely misses you.
The killer bee barely misses your shadow imp.
The killer bee closely misses your shadow imp.
The killer bee misses you.
Your shadow imp closely misses the killer bee.
The killer bee closely misses your shadow imp.
The killer bee misses you.
The killer bee barely misses your shadow imp.
You block the killer bee's attack.
You miss the killer bee. The killer bee barely misses you.
The killer bee stings your shadow imp.
The killer bee stings your shadow imp but does no damage.
The killer bee stings you but does no damage.
Your shadow imp hits the killer bee.
The killer bee closely misses your shadow imp.
The killer bee stings you but does no damage.
The killer bee closely misses your shadow imp.
The killer bee completely misses you.
Your magical contamination has completely faded away.
Casting: Magic Dart (safe; 4% risk of failure)
Confirm with . or Enter, or press ? or * to list all spells.
A beastly little devil appears in a puff of flame.
Your shadow imp disappears in a puff of smoke!
The killer bee misses you. The killer bee stings you.
* * * LOW HITPOINT WARNING * * *
The killer bee stings you.
* * * LOW HITPOINT WARNING * * *
The killer bee stings you.
You die...

........#####..........#
........++############.#
..................# #.#
..................# #>#
..................# #.#
..................# #.#
..................# #.#
########.yyy........ ..#
#..@y.........
#..............
#.5............
#######...... ###... #..


You could see 4 killer bees and a friendly crimson imp (summoned).

Vanquished Creatures
  2 scorpions (D:4)
  A quasit (D:4)
  A jelly (D:3)
  An orc wizard (D:3)
  4 adders
  A dart slug (D:2)
  3 orcs
  6 ball pythons
  6 bats
  7 endoplasms
  4 giant cockroaches
  5 hobgoblins
  4 quokkas
  9 goblins
  2 kobolds (D:2)
  7 rats
63 creatures vanquished.

Vanquished Creatures (collateral kills)
  3 orcs (D:3)
3 creatures vanquished.

Grand Total: 66 creatures vanquished

Notes
Turn   | Place    | Note
-------+----------+-------------------------------------------
     0 | D:1      | gelatine the Gnoll Hedge Wizard began the quest for the
                  | Orb.
     0 | D:1      | Reached XP level 1. HP: 13/13 MP: 8/8
   244 | D:1      | Reached XP level 2. HP: 19/19 MP: 3/10
   628 | D:1      | Found a faded altar of an unknown god.
   773 | D:1      | Reached XP level 3. HP: 25/25 MP: 7/11
  1099 | D:2      | Reached skill level 1 in Invocations
  1650 | D:3      | Reached skill level 1 in Fighting
  1650 | D:3      | Reached skill level 1 in Short Blades
  1650 | D:3      | Reached skill level 1 in Long Blades
  1650 | D:3      | Reached skill level 1 in Axes
  1650 | D:3      | Reached skill level 1 in Maces & Flails
  1650 | D:3      | Reached skill level 1 in Polearms
  1650 | D:3      | Reached skill level 1 in Staves
  1650 | D:3      | Reached skill level 1 in Ranged Weapons
  1650 | D:3      | Reached skill level 1 in Throwing
  1650 | D:3      | Reached skill level 1 in Armour
  1650 | D:3      | Reached skill level 1 in Shields
  1650 | D:3      | Reached skill level 1 in Unarmed Combat
  1650 | D:3      | Reached skill level 1 in Evocations
  1789 | D:3      | Reached XP level 4. HP: 32/32 MP: 9/13
  1823 | D:3      | Found an ancient bone altar of Kikubaaqudgha.
  1922 | D:3      | Found a glowing silver altar of Zin.
  1922 | D:3      | Noticed an angel
  2017 | D:3      | Learned a level 2 spell: Blink
  2020 | D:3      | Learned a level 2 spell: Call Imp
  2117 | D:3      | Reached skill level 1 in Hexes
  2117 | D:3      | Reached skill level 1 in Necromancy
  2117 | D:3      | Reached skill level 1 in Transmutations
  2117 | D:3      | Reached skill level 1 in Fire Magic
  2117 | D:3      | Reached skill level 1 in Ice Magic
  2117 | D:3      | Reached skill level 1 in Air Magic
  2117 | D:3      | Reached skill level 1 in Earth Magic
  2117 | D:3      | Reached skill level 1 in Poison Magic
  2159 | D:3      | Reached XP level 5. HP: 14/37 MP: 4/14
  2389 | D:3      | Found a glowing golden altar of the Shining One.
  2615 | D:3      | Noticed Zeldest's ghost (amateur GnWn)
  2622 | D:3      | Found a transporter.
  2640 | D:3      | Found a transporter.
  3497 | D:4      | Reached XP level 6. HP: 28/44 MP: 6/16
  3713 | D:4      | Reached skill level 5 in Dodging
  4121 | D:4      | Slain by a killer bee

Illustrated notes

Levels and vault maps discovered:
D:1:      grunt_arrival_crossed_arrows, layout_rooms,
          hellmonk_ecumenical_altar_run_dry
D:2:      layout_rooms, grunt_decor_mini_mirrors, kennysheep_generic_room_5
D:3:      layout_basic, lemuel_coloured_pillars_altar, zin_angel,
          kiku_gazebo_garden_becter, gammafunk_ghost_stat_death,
          serial_park_tiny_pond, minmay_misc_feat_iff
D:4:      layout_basic

Skill      XL: |  1  2  3  4  5  6 |
---------------+-------------------+-----
Conjurations   | 2 |  2.7
Summonings     | 2 |  2.7
Translocations | 2 |  2.7
Invocations    | 1 2 |  2.2
Fighting       | 1 2 |  2.0
Short Blades   | 1 2 |  2.0
Long Blades    | 1 2 |  2.0
Axes           | 1 2 |  2.0
Maces & Flails | 1 2 |  2.0
Polearms       | 1 2 |  2.0
Staves         | 1 2 |  2.0
Ranged Weapons | 1 2 |  2.0
Throwing       | 1 2 |  2.0
Armour         | 1 2 |  2.0
Shields        | 1 2 |  2.0
Unarmed Combat | 1 2 |  2.0
Evocations     | 1 2 |  2.0
Hexes          | 1 |  1.6
Necromancy     | 1 |  1.6
Transmutations | 1 |  1.6
Fire Magic     | 1 |  1.6
Ice Magic      | 1 |  1.6
Air Magic      | 1 |  1.6
Earth Magic    | 1 |  1.6
Poison Magic   | 1 |  1.6
Dodging        | 5 |  5.0
Stealth        | |  4.6
Spellcasting   | |  7.4

Action                   |  1- 3 |  4- 6 || total
-------------------------+-------+-------++-------
Melee: Dagger            |     5 |       ||     5
       Punch             |     1 |       ||     1
       Whip              |       |    45 ||    45
       Bite              |       |     6 ||     6
 Cast: Magic Dart        |   100 |    80 ||   180
       Call Imp          |       |     8 ||     8
       Blink             |       |     4 ||     4
  Use: Scroll            |     9 |     2 ||    11
       Potion            |       |     1 ||     1
Armor: Robe              |     3 |    26 ||    29
Dodge: Dodged            |    14 |   127 ||   141
Block: Other             |       |    43 ||    43
